 Dungeon Crawl Stone Soup version 0.22-a0-396-g3f858e3 (webtiles) character file.

2834 Borgoz the Basher (level 9, 0/55 HPs)
             Began as a Gargoyle Gladiator on May 3, 2018.
             Slain by an orc warrior
             ... wielding a +0 short sword
              (10 damage)
             ... on level 7 of the Dungeon.
             The game lasted 00:16:20 (6308 turns).

Borgoz the Basher (Gargoyle Gladiator)              Turns: 6308, Time: 00:16:21

Health: 0/55       AC: 17    Str: 19    XL:     9   Next: 73%
Magic:  9/9        EV: 12    Int:  8    God:
Gold:   471        SH:  0    Dex: 14    Spells: 8/8 levels left

rFire    . . .     SeeInvis .   C - +0 flail (venom)
rCold    . . .     Gourm    .   (no shield)
rNeg     + . .     Faith    .   k - +0 scale mail
rPois    ∞         Spirit   .   c - +0 helmet
rElec    +         Reflect  .   l - +1 cloak
rCorr    +         Harm     .   (no gloves)
MR       +....                  (no boots)
Stlth    ..........             (no amulet)
HPRegen  0.18/turn              h - ring of resist corrosion
MPRegen  0.11/turn              r - ring of protection from magic

@: no status effects
A: negative energy resistance 1, electricity resistance, unbreathing,
petrification resistance, rot immunity, AC +6
a: no special abilities


You were on level 7 of the Dungeon.
You were not hungry.

You visited 2 branches of the dungeon, and saw 8 of its levels.
You also visited: Sewer.

You collected 471 gold pieces.

Inventory:

Hand Weapons
 C - a +0 flail of venom (weapon)
Missiles
 d - 3 throwing nets (quivered)
 s - 4 tomahawks of returning
Armour
 c - a +0 helmet (worn)
 k - a +0 scale mail (worn)
 l - a +1 cloak (worn)
Jewellery
 h - a ring of resist corrosion (left hand)
 r - a ring of protection from magic (right hand)
 y - an uncursed ring of stealth {unknown}
Wands
 z - a wand of digging (11)
Scrolls
 a - 2 scrolls of fog {unknown}
 e - a scroll of random uselessness {unknown}
 g - 4 scrolls of remove curse
 o - a scroll of enchant weapon {unknown}
 p - 2 scrolls of amnesia {unknown}
 q - 3 scrolls of blinking
 w - 2 scrolls of teleportation {unknown}
 F - a scroll of magic mapping {unknown}
 H - a scroll of identify
 I - a scroll of fear {unknown}
Potions
 b - a potion of flight
 i - 2 potions of agility
 j - 3 potions of curing
 n - a potion of degeneration
 t - a potion of ambrosia {unknown}
 u - 2 potions of mutation {unknown}
 v - 3 potions of heal wounds
 x - a potion of magic {unknown}
 A - 2 potions of might {unknown}
 B - 2 potions of resistance
 D - a potion of berserk rage {unknown}
 E - a potion of cancellation {unknown}
 J - a potion of lignification {unknown}
Comestibles
 f - 17 rations


   Skills:
 + Level 6.2 Fighting
 + Level 10.1 Maces & Flails
 - Level 1.7 Throwing
 + Level 5.6 Armour
 + Level 4.4 Dodging


You had 8 spell levels left.
You didn't know any spells.

Dungeon Overview and Level Annotations

Branches:
Dungeon (7/15)             Temple (1/1) D:4

Altars:
Ashenzari
Cheibriados
Dithmenos
Elyvilon
Fedhas
Gozag
Hepliaklqana
Kikubaaqudgha
Nemelex Xobeh
Okawaru
Qazlal
Ru
Sif Muna
Trog
Uskayaw
Vehumet
Wu Jian
Xom
Yredelemnul
Zin
The Shining One

Shops:
D:7 %


Innate Abilities, Weirdness & Mutations

You are resistant to torment.
Your stone body is resilient. (AC +6)
You are immune to poison.
You resist negative energy. (rN+)
You are resistant to electric shocks. (rElec)
You can survive without breathing.
You are immune to petrification.
You are immune to rotting.


Message History

You hit the orc warrior.
The orc warrior looks as sick as possible!
The orc warrior is moderately wounded.
The orc warrior hits you with a short sword!
You barely miss the orc warrior.
The orc warrior is moderately wounded.
The orc warrior hits you with a short sword.
You sock the orc warrior!
The orc warrior looks as sick as possible!
The orc warrior is severely wounded.
The orc warrior hits you with a short sword!
* * * LOW HITPOINT WARNING * * *
You closely miss the orc warrior.
The orc warrior is severely wounded.
The orc warrior barely misses you.
You hit the orc warrior but do no damage.
The orc warrior looks as sick as possible!
The orc warrior is severely wounded.
The orc warrior hits you with a short sword!
You die...

#.#..##.... #....##....
##.....).#####
.....###...).## ######
#.##.####.##).## #......
#.##........#..##.......
...#####....##.#........
............##.#........
...#####....##..@o......
...# ####..###........
...# ##.# #........ ...#
..###..../.. ...# #...
....... #### ## .......
....... .......


You could see an orc warrior.

Vanquished Creatures
  Pikel (D:7)
  Sigmund (D:2)
  Edmund (D:4)
  An orc warrior (D:4)
  A sky beast (D:7)
  A slave (D:7)
  2 ogres
  A centaur (D:6)
  A big kobold (D:7)
  2 bullfrogs
  2 scorpions (D:4)
  3 howler monkeys
  2 crimson imps
  2 jellies
  5 hounds
  8 orc wizards
  7 orc priests
  Crazy Yiuf (D:4)
  A bullfrog skeleton (D:7)
  Terence (D:3)
  4 worker ants
  A hound skeleton (D:5)
  4 gnolls (D:6)
  7 adders
  A river rat (D:5)
  3 shadow imps (D:5)
  2 adder skeletons
  2 worms (D:2)
  A dart slug (D:2)
  3 leopard geckos
  26 orcs
  3 giant cockroaches
  5 goblins
  8 hobgoblins
  16 jackals
  6 quokkas
  7 ball pythons
  7 bats
  10 frilled lizards
  23 kobolds
  2 quokka skeletons
  9 rats
  6 plants (Sewer)
200 creatures vanquished.

Vanquished Creatures (others)
  An adder (D:7)
1 creature vanquished.

Grand Total: 201 creatures vanquished

Notes
Turn   | Place    | Note
-------+----------+-------------------------------------------
     0 | D:1      | Borgoz the Gargoyle Gladiator began the quest for the Orb.
     0 | D:1      | Reached XP level 1. HP: 12/12 MP: 1/1
   227 | D:1      | Reached XP level 2. HP: 17/17 MP: 2/2
  1005 | D:2      | Reached XP level 3. HP: 22/22 MP: 3/3
  1082 | D:2      | Noticed Sigmund
  1100 | D:2      | Killed Sigmund
  1100 | D:2      | Reached skill level 4 in Maces & Flails
  1100 | D:2      | Reached XP level 4. HP: 15/28 MP: 4/4
  1100 | D:2      | Reached XP level 5. HP: 17/32 MP: 5/5
  1682 | D:2      | Reached skill level 5 in Maces & Flails
  1795 | D:3      | Found a shadowy altar of Dithmenos.
  1797 | D:3      | Noticed Terence
  1819 | D:3      | Reached XP level 6. HP: 37/37 MP: 6/6
  1849 | D:3      | Killed Terence
  2610 | D:4      | Reached XP level 7. HP: 23/41 MP: 7/7
  2840 | D:4      | Reached skill level 6 in Maces & Flails
  3253 | D:4      | Found a runed door.
  3326 | D:4      | Found a staircase to the Ecumenical Temple.
  3326 | D:4      | Noticed Edmund
  3368 | D:4      | Killed Edmund
  3382 | Temple   | Entered the Ecumenical Temple
  3649 | D:4      | Reached skill level 7 in Maces & Flails
  3649 | D:4      | Reached XP level 8. HP: 33/48 MP: 8/8
  3868 | D:4      | Noticed Crazy Yiuf
  3873 | D:4      | Killed Crazy Yiuf
  3906 | D:5      | Entered Level 5 of the Dungeon
  3907 | D:5      | Found a glowing drain.
  3939 | Sewer    | Entered a sewer
  4718 | D:5      | Found a bloodstained altar of Trog.
  5035 | D:5      | Reached skill level 8 in Maces & Flails
  5172 | D:5      | Found a hazy altar of Hepliaklqana.
  5288 | D:6      | Reached skill level 5 in Fighting
  5462 | D:6      | Found a radiant altar of Vehumet.
  5465 | D:6      | Found a blossoming altar of Fedhas.
  5465 | D:6      | Found a glowing silver altar of Zin.
  5469 | D:6      | Found a bloodstained altar of Trog.
  5522 | D:6      | Reached XP level 9. HP: 44/54 MP: 9/9
  5738 | D:6      | Reached skill level 9 in Maces & Flails
  5813 | D:7      | Found Zenod's Food Shop.
  6009 | D:7      | Reached skill level 5 in Armour
  6054 | D:7      | Noticed Pikel
  6071 | D:7      | Killed Pikel
  6071 | D:7      | Reached skill level 10 in Maces & Flails
  6102 | D:7      | Found a sparkling altar of Nemelex Xobeh.
  6102 | D:7      | Found an opulent altar of Gozag.
  6308 | D:7      | Slain by an orc warrior

Vault maps used:
D:1:      elethiomel_arrival_infinity_welcomes_careful_drivers,
          minmay_misc_feat_columns
D:2:      uniq_sigmund
D:3:      nicolae_dithmenos_shadow_blocks, first_ration, serial_bayou_pond_e,
          uniq_terence
D:4:      mumra_celtic_spiral_tile, minmay_temple_entry_fiery,
          grunt_decor_one_mirror, uniq_crazy_yiuf_cottage, uniq_edmund
D:5:      kennysheep_mini, basic_altar, portal_sewer_entry_a
D:6:      grunt_temple_overflow_open
D:7:      grunt_temple_overflow_opulence, serial_shops, shop, uniq_pikel
Temple:   dshaligram_water_room_temple
Sewer:    sewer_co_scattered_pipes

Skill      XL: |  1  2  3  4  5  6  7  8  9 |
---------------+----------------------------+-----
Fighting       | 3 4 5 6 |  6.2
Maces & Flails | 4 5 7 8 10 | 10.1
Armour         | 2 3 4 5 |  5.6
Dodging        | 3 4 |  4.4
Throwing       | |  1.7

Action                   |  1- 3 |  4- 6 |  7- 9 || total
-------------------------+-------+-------+-------++-------
Melee: Flail             |   106 |   185 |   149 ||   440
       Dire flail        |       |       |   410 ||   410
  Use: Potion            |     1 |     2 |       ||     3
       Scroll            |       |       |     7 ||     7
 Stab: Sleeping          |     1 |       |       ||     1
       Invisible         |     3 |     1 |     3 ||     7
  Eat: Chunk             |     1 |     5 |    10 ||    16
       Ration            |       |       |     1 ||     1
Armor: Leather armour    |    35 |       |       ||    35
       Scale mail        |    18 |   103 |   263 ||   384
Dodge: Dodged            |    83 |   110 |   296 ||   489

Table legend:
 A = Spawn XP
 B = Non-spawn XP
 C = Spawn XP percentage of total XP
 D = Spawn monster count
 E = Non-spawn monster count
 F = Spawn count percentage of total count
 G = Total turns spent on level
                    A         B        C        D         E        F      G
               +---------+---------+-------+---------+---------+-------+---------
         Total |       0 |    4049 |   0.0 |       0 |     193 |   0.0 |  6308
               +---------+---------+-------+---------+---------+-------+---------
           D:1 |       0 |      32 |   0.0 |       0 |      20 |   0.0 |   994
           D:2 |       0 |     281 |   0.0 |       0 |      22 |   0.0 |   786
           D:3 |       0 |     175 |   0.0 |       0 |      27 |   0.0 |   711
           D:4 |       0 |     867 |   0.0 |       0 |      35 |   0.0 |  1324
           D:5 |       0 |     526 |   0.0 |       0 |      20 |   0.0 |   591
           D:6 |       0 |     577 |   0.0 |       0 |      22 |   0.0 |   649
           D:7 |       0 |    1520 |   0.0 |       0 |      25 |   0.0 |   392
         Sewer |       0 |      71 |   0.0 |       0 |      22 |   0.0 |   770
               +---------+---------+-------+---------+---------+-------+---------
